[Event "Steinthor Baldursson memorial 2018"]
[Site "?"]
[Date "2018.01.04"]
[Round "1"]
[White "Dijkhuis, Tycho"]
[Black "Briem, Stephan"]
[Result "1-0"]
[ECO "B90"]
[WhiteElo "2402"]
[BlackElo "1890"]
[PlyCount "47"]
[EventDate "2018.??.??"]
[EventType "swiss"]
[EventCountry "ISL"]
[SourceTitle "Kopavogur"]
[TimeControl "5400+30"]
[WhiteClock "0:00:34"]
[BlackClock "0:35:09"]

1. e4 c5 2. Nf3 d6 3. d4 cxd4 4. Nxd4 Nf6 5. Nc3 a6 6. Be3 e5 7. Nf3 Be6 8. Ng5 Qd7 9. Nxe6 Qxe6 10. Be2 Be7 11. g4 h6 12. h4 b5 13. a3 Nbd7 14. Rg1 Nc5 15. g5 Nfxe4 16. Nd5 Bd8 17. Bg4 Qg6 18. h5 Qh7 19. g6 Qg8 20. Bf5 f6 21. b4 Ng5 22. bxc5 Ba5+ 23. Kf1 dxc5 24. Nc7+ 1-0

[Event "Steinthor Baldursson memorial 2018"]
[Site "?"]
[Date "2018.01.04"]
[Round "1"]
[White "Ragnarsson, Dagur"]
[Black "Davidsson, Oskar Vikingur"]
[Result "1-0"]
[ECO "E12"]
[WhiteElo "2332"]
[BlackElo "1854"]
[PlyCount "99"]
[EventDate "2018.??.??"]
[EventType "swiss"]
[EventCountry "ISL"]
[SourceTitle "Kopavogur"]
[TimeControl "5400+30"]
[WhiteClock "1:00:53"]
[BlackClock "0:09:42"]

1. d4 Nf6 2. Nf3 e6 3. c4 b6 4. Bf4 Bb7 5. e3 d5 6. Nbd2 Bd6 7. Bg3 O-O 8. Bd3 Qe7 9. O-O Nbd7 10. Ne5 Ne4 11. Nxd7 Qxd7 12. Rc1 Nxd2 13. Qxd2 dxc4 14. Bxc4 Rac8 15. f4 Rfd8 16. Rfd1 Be7 17. Qe2 c6 18. a3 Bf6 19. Bf2 Qc7 20. b4 c5 21. Bb5 Qe7 22. dxc5 Rxd1+ 23. Rxd1 bxc5 24. e4 Bd4 25. Bxd4 cxd4 26. Rxd4 Qc7 27. Qe3 Qb6 28. Be2 h6 29. Kf2 Qc7 30. Rc4 Qb8 31. Rxc8+ Bxc8 32. g3 e5 33. f5 Qc7 34. Qc5 Qxc5+ 35. bxc5 Kf8 36. Bc4 Ke7 37. Bd5 f6 38. g4 Kd8 39. c6 Kc7 40. Kg3 h5 41. h3 hxg4 42. hxg4 Kb6 43. Kh4 Kb5 44. Kh5 Ka4 45. Be6 Ba6 46. c7 Kxa3 47. c8=Q Bxc8 48. Bxc8 a5 49. Kg6 a4 50. Bd7 1-0

[Event "Steinthor Baldursson memorial 2018"]
[Site "?"]
[Date "2018.01.04"]
[Round "1"]
[White "Jazdanovs, Aleksandrs"]
[Black "Johannsson, Birkir Isak"]
[Result "1-0"]
[ECO "B90"]
[WhiteElo "2218"]
[BlackElo "1760"]
[PlyCount "91"]
[EventDate "2018.??.??"]
[EventType "swiss"]
[EventCountry "ISL"]
[SourceTitle "Kopavogur"]
[TimeControl "5400+30"]
[WhiteClock "0:11:56"]
[BlackClock "0:12:18"]

1. e4 c5 2. Nc3 d6 3. Nf3 Nf6 4. d4 cxd4 5. Nxd4 a6 6. Be3 e6 7. g3 Be7 8. Bg2 Qc7 9. O-O O-O 10. Qe2 Nc6 11. Nxc6 bxc6 12. Na4 Nd7 13. c4 c5 14. b3 Bb7 15. Rad1 Bc6 16. Nc3 a5 17. Rd2 Rfd8 18. Rc1 a4 19. bxa4 Bxa4 20. e5 Ra6 21. exd6 Bxd6 22. Nb5 Qb8 23. Bg5 Nf6 24. Bxf6 gxf6 25. Qg4+ Kh8 26. Qh5 Rf8 27. Qh6 f5 28. Rb1 Be5 29. Rd7 Bg7 30. Qh5 Qe8 31. Rc7 Bc2 32. Rc1 Be4 33. Bxe4 fxe4 34. Rd1 Kg8 35. Rdd7 e3 36. fxe3 Rxa2 37. Rb7 Ra1+ 38. Kg2 Ra2+ 39. Kh3 e5 40. Qg4 e4 41. Nd6 Qe5 42. Nxf7 Qf6 43. Qf4 Qe6+ 44. g4 h5 45. Ng5 hxg4+ 46. Kg3 1-0

[Event "Steinthor Baldursson memorial 2018"]
[Site "?"]
[Date "2018.01.04"]
[Round "1"]
[White "Mai, Aron Thor"]
[Black "Apol, Luitjen Akselsson"]
[Result "1-0"]
[ECO "B96"]
[WhiteElo "2066"]
[BlackElo "1600"]
[PlyCount "41"]
[EventDate "2018.??.??"]
[EventType "swiss"]
[EventCountry "ISL"]
[SourceTitle "Kopavogur"]
[TimeControl "5400+30"]
[WhiteClock "0:55:24"]
[BlackClock "0:54:41"]

1. e4 c5 2. Nf3 d6 3. d4 cxd4 4. Nxd4 Nf6 5. Nc3 a6 6. Bg5 e6 7. f4 Nc6 8. Nxc6 bxc6 9. e5 h6 10. Bh4 g5 11. fxg5 Nd5 12. Ne4 Qb6 13. c3 hxg5 14. Bxg5 dxe5 15. Qxd5 Be7 16. Qd2 Bxg5 17. Nxg5 Bb7 18. O-O-O Qc7 19. Bc4 Rf8 20. Rhf1 Bc8 21. Bd3 1-0

[Event "Steinthor Baldursson memorial 2018"]
[Site "?"]
[Date "2018.01.04"]
[Round "1"]
[White "Bannout, Edvin"]
[Black "Tokranovs, Dmitrijs"]
[Result "0-1"]
[ECO "B02"]
[WhiteElo "1869"]
[BlackElo "2354"]
[PlyCount "50"]
[EventDate "2018.??.??"]
[EventType "swiss"]
[EventCountry "ISL"]
[SourceTitle "Kopavogur"]
[TimeControl "5400+30"]
[WhiteClock "1:03:55"]
[BlackClock "0:10:40"]

1. e4 Nf6 2. Nc3 d5 3. e5 Nfd7 4. Nxd5 Nxe5 5. Ne3 Ng6 6. g3 e5 7. Bg2 Bc5 8. b3 O-O 9. Bb2 c6 10. h4 Bd4 11. c3 Bb6 12. Nf3 e4 13. Ng5 h6 14. Ba3 hxg5 15. Bxf8 Nxf8 16. Bxe4 Qe7 17. Qf3 g4 18. Qg2 Be6 19. O-O Nbd7 20. d4 Nf6 21. Bc2 Nd5 22. Rfe1 Qf6 23. Nxd5 cxd5 24. a4 Rc8 25. Rec1 Rxc3 0-1

[Event "Steinthor Baldursson memorial 2018"]
[Site "?"]
[Date "2018.01.04"]
[Round "1"]
[White "Zarovs, Aleksandrs"]
[Black "Johannesson, Oliver Aron"]
[Result "0-1"]
[ECO "B40"]
[WhiteElo "1831"]
[BlackElo "2277"]
[PlyCount "62"]
[EventDate "2018.??.??"]
[EventType "swiss"]
[EventCountry "ISL"]
[SourceTitle "Kopavogur"]
[TimeControl "5400+30"]
[WhiteClock "0:31:38"]
[BlackClock "0:01:00"]

1. e4 c5 2. Nf3 e6 3. Nc3 Nc6 4. Bb5 Nge7 5. d4 cxd4 6. Nxd4 Qc7 7. Nb3 a6 8. O-O Ng6 9. Bd3 b5 10. a4 b4 11. Ne2 Bb7 12. Be3 Nce5 13. Ng3 Be7 14. a5 Nc4 15. Bxc4 Qxc4 16. Nd2 Qb5 17. c4 bxc3 18. bxc3 Bc6 19. c4 Qb4 20. Qc2 O-O 21. Rfb1 Qd6 22. c5 Qc7 23. Nc4 Bb5 24. Nb6 Ra7 25. Rxb5 axb5 26. Ne2 Ne5 27. h3 Nc4 28. Nc3 Nxe3 29. fxe3 Bxc5 30. Qe2 Bxb6 31. Nxb5 Qe5 0-1

[Event "Steinthor Baldursson memorial 2018"]
[Site "?"]
[Date "2018.01.04"]
[Round "1"]
[White "Skaale, Janus"]
[Black "Birkisson, Bardur Orn"]
[Result "0-1"]
[ECO "B06"]
[WhiteElo "1752"]
[BlackElo "2190"]
[PlyCount "73"]
[EventDate "2018.??.??"]
[EventType "swiss"]
[EventCountry "ISL"]
[SourceTitle "Kopavogur"]
[TimeControl "5400+30"]
[WhiteClock "0:10:30"]
[BlackClock "0:00:42"]

1. e4 g6 2. d4 Bg7 3. Nc3 d6 4. Be3 Nf6 5. h3 O-O 6. Nf3 c6 7. a4 Nbd7 8. Bd3 e5 9. O-O exd4 10. Bxd4 Re8 11. Re1 Ne5 12. Bf1 Nh5 13. Nxe5 dxe5 14. Be3 Qf6 15. Qc1 Nf4 16. Ne2 Ne6 17. c3 Bf8 18. b4 a5 19. Qb2 Ng5 20. Ng3 h5 21. Qd2 Ne6 22. f3 Nf4 23. Red1 Be6 24. Bb6 axb4 25. cxb4 Bb3 26. Rdb1 Qg5 27. Kh2 Rxa4 28. Rxa4 Bxa4 29. Bc4 h4 30. Nf1 Bb5 31. Bxb5 cxb5 32. Rb2 Rc8 33. Qd7 Rc1 34. Qxb5 Rb1 35. Rc2 Rxb4 36. Qa5 Rb1 37. Qd2 0-1

[Event "Steinthor Baldursson memorial 2018"]
[Site "?"]
[Date "2018.01.04"]
[Round "1"]
[White "Fjallheim, Leif Reinert"]
[Black "Birkisson, Bjorn Holm"]
[Result "0-1"]
[ECO "B06"]
[WhiteElo "1720"]
[BlackElo "2084"]
[PlyCount "80"]
[EventDate "2018.??.??"]
[EventType "swiss"]
[EventCountry "ISL"]
[SourceTitle "Kopavogur"]
[TimeControl "5400+30"]
[WhiteClock "0:17:05"]
[BlackClock "0:15:32"]

1. e4 g6 2. d4 Bg7 3. Nf3 d6 4. Bc4 a6 5. a4 e6 6. c3 h6 7. Be3 Nf6 8. Bd3 O-O 9. h3 e5 10. Qc1 Kh7 11. g4 exd4 12. Nxd4 Qe7 13. Nd2 d5 14. Qc2 c5 15. N4f3 c4 16. Be2 Nxe4 17. Nxe4 dxe4 18. Nd2 f5 19. gxf5 gxf5 20. Nxc4 f4 21. Bd2 Bf5 22. Qc1 e3 23. fxe3 Qh4+ 24. Kd1 Be4 25. Rg1 f3 26. Bf1 f2 27. Rg4 Bf3+ 28. Kc2 Bxg4 29. hxg4 Qxg4 30. e4 Nd7 31. Be3 h5 32. Qd2 Rad8 33. Qe2 Qxe4+ 34. Kb3 Qg4 35. Qc2+ Kh8 36. Bxf2 b5 37. axb5 axb5 38. Ne3 Qe6+ 39. Kb4 Rf4+ 40. Kxb5 Qb6# 0-1

[Event "Steinthor Baldursson memorial 2018"]
[Site "?"]
[Date "2018.01.04"]
[Round "1"]
[White "Heidarsson, Arnar"]
[Black "Thorhallsson, Simon"]
[Result "0-1"]
[ECO "A45"]
[WhiteElo "1592"]
[BlackElo "2040"]
[PlyCount "36"]
[EventDate "2018.??.??"]
[EventType "swiss"]
[EventCountry "ISL"]
[SourceTitle "Kopavogur"]
[TimeControl "5400+30"]
[WhiteClock "1:04:12"]
[BlackClock "0:30:52"]

1. d4 Nf6 2. Bf4 g6 3. e3 Bg7 4. Be2 O-O 5. c4 c5 6. d5 d6 7. Nc3 b5 8. Nxb5 Ne4 9. Bd3 Qa5+ 10. Ke2 a6 11. Bxe4 axb5 12. Qc2 bxc4 13. h4 h6 14. a3 f5 15. Bf3 Ba6 16. Kd1 Bb5 17. Kc1 Ba4 18. Qd2 Bxb2+ 0-1

[Event "Steinthor Baldursson memorial 2018"]
[Site "?"]
[Date "2018.01.04"]
[Round "1"]
[White "Briem, Benedikt"]
[Black "Jappinen, Erland"]
[Result "0-1"]
[ECO "D18"]
[WhiteElo "1464"]
[BlackElo "2026"]
[PlyCount "58"]
[EventDate "2018.??.??"]
[EventType "swiss"]
[EventCountry "ISL"]
[SourceTitle "Kopavogur"]
[TimeControl "5400+30"]
[WhiteClock "0:12:36"]
[BlackClock "0:40:44"]

1. d4 d5 2. c4 c6 3. Nf3 Nf6 4. Nc3 dxc4 5. a4 Bf5 6. e3 Nbd7 7. Bxc4 e6 8. O-O Bb4 9. Bd3 Bg6 10. Qc2 Rc8 11. Na2 Bd6 12. b4 e5 13. Bxg6 hxg6 14. h3 Qe7 15. Rb1 e4 16. Ng5 Rh5 17. f4 exf3 18. Nxf3 Ne4 19. Re1 Ndf6 20. Nd2 g5 21. Nxe4 Nxe4 22. Nc3 Ng3 23. Ne2 g4 24. Nxg3 Bxg3 25. hxg4 Rh6 26. Qf5 Bh2+ 27. Kh1 Bg3+ 28. Kg1 Rd8 29. Rf1 Rh1+ 0-1

[Event "Steinthor Baldursson memorial 2018"]
[Site "?"]
[Date "2018.01.04"]
[Round "2"]
[White "Tokranovs, Dmitrijs"]
[Black "Mai, Aron Thor"]
[Result "1-0"]
[ECO "B00"]
[WhiteElo "2354"]
[BlackElo "2066"]
[PlyCount "45"]
[EventDate "2018.??.??"]
[EventType "swiss"]
[EventCountry "ISL"]
[SourceTitle "Kopavogur"]
[TimeControl "5400+30"]
[WhiteClock "0:11:15"]
[BlackClock "1:07:36"]

1. e4 Nc6 2. Nf3 d6 3. d4 g6 4. Nc3 Bg7 5. Be3 e5 6. Bb5 Bd7 7. Qd2 exd4 8. Nxd4 Nf6 9. f3 O-O 10. O-O-O Re8 11. h4 a6 12. Nxc6 Bxc6 13. Bxc6 bxc6 14. h5 Qb8 15. hxg6 hxg6 16. Rh3 Qb4 17. a3 Qa5 18. Rdh1 Kf8 19. Bd4 Kg8 20. Rh8+ Bxh8 21. Rxh8+ Kxh8 22. Qh6+ Kg8 23. Bxf6 1-0

[Event "Steinthor Baldursson memorial 2018"]
[Site "?"]
[Date "2018.01.04"]
[Round "2"]
[White "Birkisson, Bardur Orn"]
[Black "Eydsteinsson, Silas"]
[Result "1-0"]
[ECO "A40"]
[WhiteElo "2190"]
[BlackElo "2035"]
[PlyCount "61"]
[EventDate "2018.??.??"]
[EventType "swiss"]
[EventCountry "ISL"]
[SourceTitle "Kopavogur"]
[TimeControl "5400+30"]
[WhiteClock "0:00:37"]
[BlackClock "0:13:12"]

1. d4 e5 2. dxe5 Nc6 3. Nf3 Qe7 4. e4 Nxe5 5. Be2 Nf6 6. Nc3 Nxf3+ 7. Bxf3 c6 8. O-O d6 9. Re1 Be6 10. Bf4 Nd7 11. Nd5 Qd8 12. Qd4 f6 13. Bh5+ g6 14. Be2 Ne5 15. Ne3 Qb6 16. Qd2 Be7 17. Bg3 Rd8 18. Kh1 h5 19. f4 Ng4 20. Nxg4 hxg4 21. f5 gxf5 22. exf5 Bxf5 23. Qf4 Qc5 24. Bxg4 Bxg4 25. Qxf6 Kd7 26. Rxe7+ Kc8 27. Rg7 Rhf8 28. Qe7 Qb6 29. Rxg4 Qxb2 30. Rg1 Rfe8 31. Qf7 1-0

[Event "Steinthor Baldursson memorial 2018"]
[Site "?"]
[Date "2018.01.04"]
[Round "2"]
[White "Birkisson, Bjorn Holm"]
[Black "Dijkhuis, Tycho"]
[Result "0-1"]
[ECO "A01"]
[WhiteElo "2084"]
[BlackElo "2402"]
[PlyCount "106"]
[EventDate "2018.??.??"]
[EventType "swiss"]
[EventCountry "ISL"]
[SourceTitle "Kopavogur"]
[TimeControl "5400+30"]
[WhiteClock "0:01:51"]
[BlackClock "0:00:47"]

1. b3 e5 2. Bb2 Nc6 3. e3 Nf6 4. Bb5 Bd6 5. Na3 Be7 6. Nc4 e4 7. Bxc6 dxc6 8. Ne2 O-O 9. O-O a5 10. d3 exd3 11. cxd3 Re8 12. Qc2 Nd5 13. a3 Bf6 14. e4 Bxb2 15. Qxb2 Nf6 16. f3 a4 17. d4 Be6 18. Nf4 axb3 19. Nxe6 Rxe6 20. Rfd1 Ra4 21. Qc3 Ne8 22. Nb2 Ra7 23. Qxb3 Qh4 24. g3 Qh5 25. Nc4 Qb5 26. Qxb5 cxb5 27. d5 Rea6 28. d6 cxd6 29. Ne3 Rxa3 30. Rxa3 Rxa3 31. Nf5 Ra6 32. Rb1 g6 33. Ne7+ Kf8 34. Nd5 Ra5 35. Rc1 Kg7 36. Rb1 Kf8 37. Rc1 f5 38. Rc8 Kf7 39. Rd8 fxe4 40. fxe4 Nf6 41. Rxd6 Ra6 42. Nb6 Nxe4 43. Rd7+ Ke6 44. Rxb7 Nd6 45. Rb8 b4 46. Nc8 Nxc8 47. Rxb4 Nd6 48. Rb8 Ra2 49. Rh8 h5 50. Rf8 Nf5 51. Kh1 Ke7 52. Rc8 Kf6 53. Rc4 Ra1+ 0-1

[Event "Steinthor Baldursson memorial 2018"]
[Site "?"]
[Date "2018.01.04"]
[Round "2"]
[White "Thorhallsson, Simon"]
[Black "Ragnarsson, Dagur"]
[Result "1/2-1/2"]
[ECO "A81"]
[WhiteElo "2040"]
[BlackElo "2332"]
[PlyCount "98"]
[EventDate "2018.??.??"]
[EventType "swiss"]
[EventCountry "ISL"]
[SourceTitle "Kopavogur"]
[TimeControl "5400+30"]
[WhiteClock "0:03:01"]
[BlackClock "0:00:41"]

1. d4 f5 2. g3 Nf6 3. Bg2 g6 4. Nf3 Bg7 5. O-O O-O 6. c4 d6 7. Nc3 Qe8 8. Re1 Qf7 9. d5 Ne4 10. Nxe4 fxe4 11. Ng5 Qxf2+ 12. Kh1 Qc5 13. Qb3 a5 14. Nxe4 Qb4 15. Bd2 Qxb3 16. axb3 b6 17. Rf1 Rxf1+ 18. Rxf1 Na6 19. Bc3 Bf5 20. Bxg7 Kxg7 21. Ng5 Rf8 22. Rc1 Nc5 23. Rc3 h6 24. Nf3 Be4 25. Nd2 Bxg2+ 26. Kxg2 Rb8 27. Re3 Kf7 28. Nf3 e5 29. dxe6+ Nxe6 30. Re4 c6 31. Nd4 Nxd4 32. Rxd4 Ke6 33. Re4+ Kf5 34. Rd4 Ke5 35. Rg4 b5 36. c5 g5 37. cxd6 Kxd6 38. h4 Re8 39. hxg5 hxg5 40. Kf3 Re5 41. Rd4+ Kc7 42. e4 Kb6 43. Ke3 Kc5 44. Rd3 Re6 45. Rc3+ Kb4 46. Kd4 Rd6+ 47. Ke3 Re6 48. Kd4 Rd6+ 49. Ke3 Re6 1/2-1/2

[Event "Steinthor Baldursson memorial 2018"]
[Site "?"]
[Date "2018.01.04"]
[Round "2"]
[White "Jappinen, Erland"]
[Black "Jazdanovs, Aleksandrs"]
[Result "0-1"]
[ECO "B92"]
[WhiteElo "2026"]
[BlackElo "2218"]
[PlyCount "46"]
[EventDate "2018.??.??"]
[EventType "swiss"]
[EventCountry "ISL"]
[SourceTitle "Kopavogur"]
[TimeControl "5400+30"]
[WhiteClock "0:44:26"]
[BlackClock "0:47:24"]

1. e4 c5 2. Nf3 d6 3. d4 cxd4 4. Nxd4 Nf6 5. Nc3 a6 6. Be2 e5 7. Nf3 Be7 8. O-O O-O 9. a4 Nbd7 10. Bg5 h6 11. Bxf6 Nxf6 12. Re1 Be6 13. Bd3 Rc8 14. h3 Qb6 15. Rb1 Rfd8 16. Qe2 Nh5 17. Nd5 Bxd5 18. exd5 Nf4 19. Qe4 g6 20. Nd2 f5 21. Qf3 Bg5 22. Qg3 Nh5 23. Nc4 Rxc4 0-1

[Event "Steinthor Baldursson memorial 2018"]
[Site "?"]
[Date "2018.01.04"]
[Round "2"]
[White "Briem, Stephan"]
[Black "Skaale, Janus"]
[Result "0-1"]
[ECO "D17"]
[WhiteElo "1890"]
[BlackElo "1752"]
[PlyCount "64"]
[EventDate "2018.??.??"]
[EventType "swiss"]
[EventCountry "ISL"]
[SourceTitle "Kopavogur"]
[TimeControl "5400+30"]
[WhiteClock "0:04:21"]
[BlackClock "0:00:33"]

1. d4 d5 2. c4 c6 3. Nf3 Nf6 4. Nc3 dxc4 5. a4 Bf5 6. Ne5 e6 7. f3 Bb4 8. Nxc4 O-O 9. Kf2 Nd5 10. Qd2 b5 11. Ne5 Qa5 12. Qd1 Nxc3 13. bxc3 Bxc3 14. Ra3 b4 15. Nc4 Qd8 16. Rxc3 bxc3 17. e4 Bg6 18. h4 f6 19. Ba3 Re8 20. Nd6 Re7 21. Bc4 Kh8 22. Qb3 Rd7 23. h5 Bf7 24. Nxf7+ Rxf7 25. Qxc3 Rd7 26. Bc5 e5 27. dxe5 fxe5 28. Qxe5 Rd2+ 29. Kg3 Nd7 30. Qf5 Qc7+ 31. f4 Qa5 32. Qxd7 Rxd7 0-1

[Event "Steinthor Baldursson memorial 2018"]
[Site "?"]
[Date "2018.01.04"]
[Round "2"]
[White "Davidsson, Oskar Vikingur"]
[Black "Heidarsson, Arnar"]
[Result "1-0"]
[ECO "B77"]
[WhiteElo "1854"]
[BlackElo "1592"]
[PlyCount "49"]
[EventDate "2018.??.??"]
[EventType "swiss"]
[EventCountry "ISL"]
[SourceTitle "Kopavogur"]
[TimeControl "5400+30"]
[WhiteClock "0:56:13"]
[BlackClock "1:08:43"]

1. e4 c5 2. Nf3 d6 3. d4 cxd4 4. Nxd4 Nf6 5. Nc3 g6 6. Be3 Bg7 7. f3 Nc6 8. Qd2 O-O 9. Bc4 Bd7 10. a3 Ne5 11. Bb3 Rc8 12. O-O-O Nc4 13. Bxc4 Rxc4 14. g4 Qa5 15. Nb3 Qc7 16. h4 h5 17. gxh5 Nxh5 18. Bd4 Rc8 19. Bxg7 Kxg7 20. Rhg1 Ba4 21. Nd4 e6 22. Rxg6+ Kf8 23. Nxe6+ fxe6 24. Qh6+ Ke7 25. Qxh5 1-0

[Event "Steinthor Baldursson memorial 2018"]
[Site "?"]
[Date "2018.01.04"]
[Round "2"]
[White "Johannsson, Birkir Isak"]
[Black "Mai, Alexander Oliver"]
[Result "1-0"]
[ECO "D58"]
[WhiteElo "1760"]
[BlackElo "1970"]
[PlyCount "125"]
[EventDate "2018.??.??"]
[EventType "swiss"]
[EventCountry "ISL"]
[SourceTitle "Kopavogur"]
[TimeControl "5400+30"]
[WhiteClock "0:04:34"]
[BlackClock "0:06:43"]

1. d4 Nf6 2. c4 e6 3. Nf3 d5 4. Nc3 Be7 5. Bg5 h6 6. Bh4 O-O 7. e3 b6 8. Be2 Bb7 9. cxd5 exd5 10. O-O Nbd7 11. Rc1 Re8 12. a3 a5 13. Qc2 Rc8 14. h3 c6 15. Qb1 Bd6 16. Bxf6 Nxf6 17. b4 axb4 18. axb4 b5 19. Qb3 Qe7 20. Rb1 Ra8 21. Ne1 Bc8 22. Nd3 Bf5 23. Rb2 Bxd3 24. Bxd3 Bc7 25. Re1 Qd6 26. g3 h5 27. h4 Re7 28. Bf1 Bb6 29. Reb1 Ng4 30. Ne2 Bc7 31. Nf4 Qh6 32. Ng2 Qf6 33. Qd3 Re6 34. Rc2 Bd6 35. Qd2 Bc7 36. Rbc1 Bd6 37. Rxc6 Bxb4 38. Rc8+ Re8 39. Rxe8+ Rxe8 40. Qa2 Bd6 41. Bxb5 Rb8 42. Bd3 Ba3 43. Rf1 Qd6 44. Nf4 Nf6 45. Rb1 Bb4 46. Qa6 Qc7 47. Kg2 Rb6 48. Qa4 Qd6 49. Rc1 g6 50. Qc2 Ng4 51. Qc8+ Kg7 52. Be2 Ba3 53. Rc7 Nh6 54. Rd7 Qb4 55. Nxd5 Qd2 56. Nxb6 Qxe2 57. Qc7 Qg4 58. Qe5+ Kh7 59. Rd8 Ng8 60. Nd5 g5 61. Rxg8 Kxg8 62. Nf6+ Kf8 63. Nxg4 1-0

[Event "Steinthor Baldursson memorial 2018"]
[Site "?"]
[Date "2018.01.04"]
[Round "2"]
[White "Fjallheim, Leif Reinert"]
[Black "Bannout, Edvin"]
[Result "1-0"]
[ECO "A04"]
[WhiteElo "1720"]
[BlackElo "1869"]
[PlyCount "111"]
[EventDate "2018.??.??"]
[EventType "swiss"]
[EventCountry "ISL"]
[SourceTitle "Kopavogur"]
[TimeControl "5400+30"]
[WhiteClock "0:01:08"]
[BlackClock "0:00:46"]

1. Nf3 c5 2. g3 g6 3. Bg2 Bg7 4. d3 Nc6 5. Nc3 e6 6. e4 Nge7 7. O-O O-O 8. Ne2 e5 9. Be3 b6 10. Ne1 d5 11. c3 Be6 12. Qc2 Rc8 13. Rd1 Qd7 14. f4 Bh6 15. Bc1 Bh3 16. f5 Bxg2 17. Nxg2 Bxc1 18. Qxc1 f6 19. g4 g5 20. Ng3 Rcd8 21. Ne3 d4 22. Nc2 dxc3 23. bxc3 b5 24. a3 b4 25. axb4 cxb4 26. cxb4 Nxb4 27. Nxb4 Qd4+ 28. Rf2 Qxb4 29. Nh5 Qd4 30. h4 h6 31. hxg5 fxg5 32. Qa3 Rd7 33. Qb3+ Kh7 34. Qe6 Qd6 35. Qxd6 Rxd6 36. Ra2 a6 37. Kf2 Rfd8 38. Ke3 Kg8 39. Ra3 Kf7 40. Ng3 Ng8 41. Nh5 Nf6 42. Nxf6 Kxf6 43. Rh1 Kg7 44. Rc1 R8d7 45. Rc5 Kf6 46. Rc8 Ra7 47. Rh8 Kg7 48. Re8 Kf6 49. Rg8 Kf7 50. Rc8 Kf6 51. Rc5 Rad7 52. Rca5 Ra7 53. R3a4 h5 54. gxh5 g4 55. d4 exd4+ 56. Kf4 1-0

[Event "Steinthor Baldursson memorial 2018"]
[Site "?"]
[Date "2018.01.04"]
[Round "2"]
[White "Apol, Luitjen Akselsson"]
[Black "Zarovs, Aleksandrs"]
[Result "0-1"]
[ECO "C27"]
[WhiteElo "1600"]
[BlackElo "1831"]
[PlyCount "90"]
[EventDate "2018.??.??"]
[EventType "swiss"]
[EventCountry "ISL"]
[SourceTitle "Kopavogur"]
[TimeControl "5400+30"]
[WhiteClock "0:58:05"]
[BlackClock "0:05:03"]

1. e4 e5 2. Nc3 Nf6 3. Bc4 Nxe4 4. Nf3 Nxc3 5. dxc3 f6 6. O-O d6 7. Re1 Qe7 8. Be3 Be6 9. Bxe6 Qxe6 10. Nd4 Qc8 11. Nf3 c6 12. c4 Be7 13. Nh4 O-O 14. f4 f5 15. Qh5 Bxh4 16. Qxh4 Qe6 17. fxe5 dxe5 18. Rad1 Nd7 19. b3 Nf6 20. Bc5 Rfe8 21. Rd6 Qf7 22. Red1 f4 23. Ba3 Qg6 24. R1d2 Qf5 25. Re2 Rad8 26. Qf2 Rxd6 27. Bxd6 Ne4 28. Rxe4 Qxe4 29. h3 Qg6 30. Ba3 Qf5 31. Bc1 Qd7 32. Qf3 Rd8 33. Bb2 Qd1+ 34. Qxd1 Rxd1+ 35. Kh2 Rd2 36. Bxe5 f3 37. c3 Rxg2+ 38. Kh1 Kf7 39. a4 Ke6 40. Bd4 a6 41. b4 Kf5 42. a5 Ke4 43. c5 Kd3 44. Be5 Ke2 45. Bd4 Rg6 0-1

[Event "Steinthor Baldursson memorial 2018"]
[Site "?"]
[Date "2018.01.05"]
[Round "3"]
[White "Dijkhuis, Tycho"]
[Black "Tokranovs, Dmitrijs"]
[Result "0-1"]
[ECO "C24"]
[WhiteElo "2402"]
[BlackElo "2354"]
[PlyCount "56"]
[EventDate "2018.??.??"]
[EventType "swiss"]
[EventCountry "ISL"]
[SourceTitle "Kopavogur"]
[TimeControl "5400+30"]
[WhiteClock "0:22:08"]
[BlackClock "0:02:21"]

1. e4 e5 2. f4 exf4 3. Bc4 Nf6 4. Nc3 c6 5. d4 Bb4 6. e5 Ne4 7. Kf1 Bxc3 8. bxc3 d5 9. exd6 O-O 10. Bxf4 Nxd6 11. Bd3 Bf5 12. Nf3 Bxd3+ 13. Qxd3 f5 14. Ng5 Re8 15. Re1 Rxe1+ 16. Kxe1 Nd7 17. Kd1 Nb6 18. Qg3 Ndc4 19. Re1 Nd5 20. Bc1 Qc7 21. Qh3 h6 22. Ne6 Qxh2 23. Qd3 Qh5+ 24. Re2 Nde3+ 25. Bxe3 Nb2+ 26. Kd2 Nxd3 27. cxd3 Re8 28. Nf4 Qg4 0-1

[Event "Steinthor Baldursson memorial 2018"]
[Site "?"]
[Date "2018.01.05"]
[Round "3"]
[White "Ragnarsson, Dagur"]
[Black "Birkisson, Bardur Orn"]
[Result "1/2-1/2"]
[ECO "D18"]
[WhiteElo "2332"]
[BlackElo "2190"]
[PlyCount "92"]
[EventDate "2018.??.??"]
[EventType "swiss"]
[EventCountry "ISL"]
[SourceTitle "Kopavogur"]
[TimeControl "5400+30"]
[WhiteClock "0:02:24"]
[BlackClock "0:01:43"]

1. d4 d5 2. c4 c6 3. Nf3 Nf6 4. Nc3 dxc4 5. a4 Bf5 6. e3 e6 7. Bxc4 Bb4 8. O-O Nbd7 9. Nh4 O-O 10. Nxf5 exf5 11. Qc2 g6 12. f3 a5 13. Kh1 Nb6 14. Bb3 Re8 15. Bd2 Bf8 16. Rad1 Nbd5 17. e4 Nb4 18. Qb1 Bg7 19. exf5 Nfd5 20. f4 Bxd4 21. fxg6 hxg6 22. f5 Kg7 23. Rf3 Rh8 24. Nxd5 Nxd5 25. Bxd5 cxd5 26. h3 Qd7 27. Bg5 Rh5 28. Rxd4 Rxg5 29. f6+ Kg8 30. Qc1 Rh5 31. g4 Rh8 32. Qg5 Re8 33. Qxd5 Qc7 34. Rd1 Qc2 35. Rc3 Qxb2 36. Qb5 Qxb5 37. axb5 Re6 38. Rd7 Rxf6 39. Rxb7 Kg7 40. Ra7 a4 41. Rxa4 Rf1+ 42. Kg2 Rb1 43. Ra5 Rb8 44. Rc5 Rb3 45. Ra7 R3xb5 46. Rxb5 Rxb5 1/2-1/2

[Event "Steinthor Baldursson memorial 2018"]
[Site "?"]
[Date "2018.01.05"]
[Round "3"]
[White "Johannesson, Oliver Aron"]
[Black "Thorhallsson, Simon"]
[Result "1/2-1/2"]
[ECO "A48"]
[WhiteElo "2277"]
[BlackElo "2040"]
[PlyCount "71"]
[EventDate "2018.??.??"]
[EventType "swiss"]
[EventCountry "ISL"]
[SourceTitle "Kopavogur"]
[TimeControl "5400+30"]
[WhiteClock "0:27:46"]
[BlackClock "0:24:05"]

1. d4 Nf6 2. Nf3 g6 3. Bf4 Bg7 4. e3 O-O 5. Be2 c5 6. c3 b6 7. O-O Bb7 8. Nbd2 d5 9. a4 Nc6 10. h3 Nd7 11. Re1 e5 12. dxe5 Ndxe5 13. Nxe5 Nxe5 14. a5 Qe7 15. Nf3 Bc6 16. Bf1 Nxf3+ 17. Qxf3 Qe6 18. Qd1 b5 19. a6 b4 20. cxb4 Bxb2 21. b5 Bd7 22. Rb1 Be5 23. Bxe5 Qxe5 24. e4 d4 25. Bc4 Be6 26. Qd3 Bxc4 27. Qxc4 Rab8 28. f4 Qc7 29. e5 Rb6 30. Rbc1 Qd7 31. Qxc5 Rxb5 32. Qc6 Rd8 33. Red1 Rb6 34. Qxd7 Rxd7 35. Rc4 Rxa6 36. Rcxd4 1/2-1/2